 Dungeon Crawl Stone Soup version 0.30.1-11-g7821555f0a (webtiles) character file.

Game seed: 137603603525897630

247268 Nonny the Eclecticist (level 19, 0/184 HPs)
             Began as a Naga Ice Elementalist on Nov 19, 2023.
             Was an Elder of Ashenzari.
             Slain by a +2 glaive of venom (20 damage)
             ... on level 2 of the Elven Halls on Nov 20, 2023.
             The game lasted 04:14:45 (38062 turns).

Nonny the Eclecticist (Naga Ice Elementalist)      Turns: 38062, Time: 04:14:46

Health: 0/184      AC: 24    Str: 15    XL:     19   Next: 53%
Magic:  17/44      EV:  9    Int: 31    God:    Ashenzari [****..]
Gold:   651        SH:  0    Dex: 19    Spells: 21/61 levels left

rFire   + + +        R - +3 Elemental Staff {rElec rF+ rC+ AC+3, Bglg, Self} (curse)
rCold   + + .        H - +2 buckler "Share My Existentialism" {Fort, Evo} (curse)
rNeg    + . .        C - +3 ring mail of Youthful Indiscretion {rF+ Str+3 Int+3 Dex+3}
rPois   +            D - +0 mask of the Dragon {Will+ Slay+3 SInv, Self, Bglg} (curse)
rElec   +            N - scarf {shadows}
rCorr   .            t - +0 pair of gloves of the Unyielding Gaze {Fly rC+ Regen+ Dex+2, Range, Evo} (curse)
SInv    +            m - +0 barding "Overhang to Understand" {Fort, Bglg} (curse)
Will    ++++.        o - amulet "Heresy of Ashenzari" {Reflect SH+5, Bglg, Range} (curse)
Stlth   +++          a - +6 ring of intelligence
HPRegen 1.30/turn    c - ring "Visionary Foul Odours" {Contam rElec rF+ rN+ Will+ Stlth+, Comp, Evo} (curse)
MPRegen 0.29/turn

%: reflection, clarity
@: confused, mighty, lethally poisoned (0 -> -3), ambrosia-drunk, flying,
hasted, studying Ranged Weapons, quick
A: AC +6, large, see invisible, deformed body, poison resistance, slowness 2,
spit poison 1, naga tail 2, thin skeletal structure 1, evolution 1
}: 2/15 runes: decaying, gossamer
a: Spit Poison, Renounce Religion, Curse Item, Shatter the Chains


You were on level 2 of the Elven Halls.
You worshipped Ashenzari.
Ashenzari was greatly pleased with you.
You visited 8 branches of the dungeon, and saw 34 of its levels.

You collected 3843 gold pieces.
You spent 3192 gold pieces at shops.

Inventory:

Hand Weapons
 R - the cursed +3 Elemental Staff (weapon) {rElec rF+ rC+ AC+3, Bglg, Self}
   (You acquired it on level 5 of the Dungeon)

   It enhances your fire, ice, earth and air magic.
   AC:        It affects your AC (+3).
   rF:        It protects you from fire.
   rC:        It protects you from cold.
   rElec:     It insulates you from electricity.
   It has a curse which improves the following skills: Beguiling: Conjurations,
   Hexes and Translocations.
   Introspection: Fighting and Spellcasting.
Missiles
 j - 79 poisoned darts (quivered)
 E - 7 curare-tipped darts
 K - a throwing net
 S - 3 atropa-tipped darts
Armour
 m - the cursed +0 barding "Overhang to Understand" (worn) {Fort, Bglg}
   (You found it on level 2 of the Dungeon)

   It has a curse which improves the following skills: Fortitude: Armour and
   Shields.
   Beguiling: Conjurations, Hexes and Translocations.
 s - a +1 tower shield
 t - the cursed +0 pair of gloves of the Unyielding Gaze (worn) {Fly rC+ Regen+ Dex+2, Range, Evo}
   (You acquired it on level 11 of the Dungeon)

   Dex:       It affects your dexterity (+2).
   rC:        It protects you from cold.
   Fly:       It grants you flight.
   Regen:     It increases your rate of health regeneration.
   It has a curse which improves the following skills: Ranged Combat: Ranged
   Weapons and Throwing.
   Evocations: Evocations.
 C - the +3 ring mail of Youthful Indiscretion (worn) {rF+ Str+3 Int+3 Dex+3}
   (You found it on level 10 of the Dungeon)

   Str:       It affects your strength (+3).
   Int:       It affects your intelligence (+3).
   Dex:       It affects your dexterity (+3).
   rF:        It protects you from fire.
 D - the cursed +0 mask of the Dragon (worn) {Will+ Slay+3 SInv, Self, Bglg}
   (You acquired it on level 13 of the Dungeon)

   Slay:      It affects your accuracy & damage with ranged weapons and melee
   (+3).
   SInv:      It lets you see invisible.
   Will:      It increases your willpower.
   It has a curse which improves the following skills: Introspection: Fighting
   and Spellcasting.
   Beguiling: Conjurations, Hexes and Translocations.
 H - the cursed +2 buckler "Share My Existentialism" (worn) {Fort, Evo}
   (You found it on level 2 of the Lair of Beasts)

   It has a curse which improves the following skills: Fortitude: Armour and
   Shields.
   Evocations: Evocations.
 N - a scarf of shadows (worn)
Jewellery
 a - a +6 ring of intelligence (left hand)
 c - the cursed ring "Visionary Foul Odours" (right hand) {Contam rElec rF+ rN+ Will+ Stlth+, Comp, Evo}
   (You acquired it on level 13 of the Dungeon)

   [ring of protection from fire]

   rF:        It protects you from fire.
   rElec:     It insulates you from electricity.
   rN:        It protects you from negative energy.
   Contam:    It causes magical contamination when unequipped.
   Will:      It increases your willpower.
   Stlth:     It makes you more stealthy.
   It has a curse which improves the following skills: Companions: Summonings
   and Necromancy.
   Evocations: Evocations.
 d - a +4 ring of slaying
 n - a ring of resist corrosion
 o - the cursed amulet "Heresy of Ashenzari" (around neck) {Reflect SH+5, Bglg, Range}
   (You found it on level 4 of the Dungeon)

   [amulet of reflection]

   It reflects blocked missile attacks.
   SH:        It affects your SH (+5).
   It has a curse which improves the following skills: Beguiling: Conjurations,
   Hexes and Translocations.
   Ranged Combat: Ranged Weapons and Throwing.
 u - a ring of positive energy
 J - a ring of willpower
 L - a ring of ice
Wands
 p - a wand of iceblast (22)
 y - a wand of mindburst (12)
 B - a wand of polymorph (2)
 M - a wand of charming (2)
 O - a wand of flame (31)
 V - a wand of digging (10)
Scrolls
 b - 5 scrolls of noise
 f - 2 scrolls of fog
 h - 2 scrolls of poison
 r - 4 scrolls of amnesia
 w - 7 scrolls of magic mapping
 z - 3 scrolls of vulnerability
 A - 2 scrolls of immolation
 Y - a scroll of fear
Potions
 e - 6 potions of flight
 g - 5 potions of haste
 i - 7 potions of mutation
 k - a potion of resistance
 l - a potion of berserk rage
 q - a potion of attraction
 v - 2 potions of brilliance
 x - 9 potions of ambrosia
 G - 4 potions of might
 T - 3 potions of magic
 X - 2 potions of cancellation
Miscellaneous
 I - a tin of tremorstones (2/2)
 P - a phial of floods
 Q - a lightning rod (4/4)
 U - a box of beasts


   Skills:
 + Level 12.3(14.9) Fighting
 - Level 9.0 Staves
 - Level 0.1(0.5) Ranged Weapons
 - Level 8.1(10.9) Armour
 - Level 6.0 Dodging
 - Level 12.0 Stealth
 + Level 12.9(15.6) Shields
 + Level 19.3(21.7) Spellcasting
 - Level 5.2(9.3) Conjurations
 - Level 5.3(7.1) Summonings
 - Level 1.9(4.9) Translocations
 - Level 6.2 Fire Magic
 - Level 7.4 Ice Magic
 - Level 7.1 Air Magic
 - Level 3.6(6.7) Evocations


You had 21 spell levels left.
You knew the following spells:

 Your Spells              Type           Power      Damage    Failure   Level
a - Freeze                Ice            100%       1d10      1%          1
b - Frozen Ramparts       Ice            100%       1d16      1%          3
c - Ozocubu's Armour      Ice            88%        N/A       1%          3
d - Blink                 Tloc           100%       N/A       1%          2
e - Summon Ice Beast      Ice/Summ       87%        N/A       1%          4
f - Freezing Cloud        Conj/Ice/Air   56%        6-21      1%          5
g - Mephitic Cloud        Conj/Pois/Air  80%        N/A       1%          3
h - Poisonous Vapours     Pois/Air       100%       N/A       1%          2
i - Airstrike             Air            43%        2d(7-23)  1%          4
j - Swiftness             Air            87%        N/A       1%          3
k - Passwall              Tmut/Erth      41%        N/A       2%          2
l - Fireball              Conj/Fire      44%        3d18      1%          5
m - Hailstorm             Conj/Ice       91%        3d18      1%          3

Your spell library contained the following spells:

 Spells                   Type           Power      Damage    Failure   Level
 Necrotise                Necr           100%       1d9       1%          1
 Shock                    Conj/Air       100%       1d9       1%          1
 Ensorcelled Hibernation  Hex/Ice        100%       N/A       1%          2
 Portal Projectile        Hex/Tloc       100%       N/A       1%          3
 Vhi's Electric Charge    Tloc/Air       100%       N/A       1%          3
 Sticky Flame             Conj/Fire      89%        2d10      1%          4
 Arcjolt                  Conj/Air       45%        1d55      1%          5
 Iskenderun's Battlesphe  Conj           75%        2d12      1%          5
 Sublimation of Blood     Necr           35%        N/A       2%          2
 Wereblood                Tmut           33%        N/A       2%          2
 Ignite Poison            Fire/Tmut/Pois 63%        N/A       2%          3
 Manifold Assault         Tloc           59%        N/A       2%          4
 Tukima's Dance           Hex            37%        N/A       4%          3
 Ice Form                 Ice/Tmut       71%        N/A       4%          4
 Vampiric Draining        Necr           35%        2d8       5%          3
 Conjure Ball Lightning   Conj/Air       45%        3x3d16    10%         6
 Orb of Destruction       Conj           37%        9d11      34%         7
 Agony                    Necr           35%        N/A       43%         5
 Alistair's Intoxication  Tmut/Pois      22%        N/A       45%         5
 Blade Hands              Tmut           16%        N/A       45%         5
 Borgnjor's Vile Clutch   Necr/Erth      25%        N/A       45%         5
 Summon Hydra             Summ           33%        N/A       63%         7
 Eringya's Noxious Bog    Tmut/Pois      16%        N/A       96%         6
 Storm Form               Tmut/Air       35%        N/A       98%         7
 Ignition                 Fire           41%        3d12      100%        8
 Maxwell's Capacitive Co  Air            43%        ∞         100%        8


Dungeon Overview and Level Annotations

Branches:
Dungeon (15/15)            Temple (1/1) D:5            Lair (5/5) D:8
  Swamp (4/4) Lair:2       Spider (4/4) Lair:2        Slime (0/5) Lair:4
    Orc (2/2) D:12            Elf (2/3) Orc:2        Vaults (0/5) D:14
 Depths (1/4) D:15

Altars:
Ashenzari
Cheibriados
Dithmenos
Elyvilon
Fedhas
Gozag
Hepliaklqana
Kikubaaqudgha
Makhleb
Nemelex Xobeh
Okawaru
Qazlal
Ru
Sif Muna
Trog
Uskayaw
Vehumet
Wu Jian
Xom
Yredelemnul
Zin
The Shining One

Shops:
D:2 [*(**   D:5 ?   D:8 *   D:13 ?   Orc:2 [!(=   Elf:1 *(   Elf:2 [

Portals:
Trove: D:10 (give 9 potions of haste)

Annotations:
D:13 3 runed translucent doors, exclusion: 3 doors, Jingleheimer's ghost, journeyman OpTm
Spider:2 2 transporters; use invisibility to make it EASY, Jokitz's ghost, adept TrFi
Depths:1 Probably a nasty jamboree by the entrance!


Innate Abilities, Weirdness & Mutations

Your serpentine skin is tough. (AC +6)
You have supernaturally acute eyesight. (SInv)
Armour fits poorly on your strangely shaped body.
Your system is resistant to poisons. (rPois)
You cover ground very slowly.
You can spit poison.
You can use your snake-like lower body to constrict enemies.
You have a somewhat thin skeletal structure. (Dex +2, Stealth+)
You have hidden genetic potential.


Message History

Your deep elf pyromancer casts a spell at the +2 lajatang of pain.
The sticky flame hits the +2 lajatang of pain.
The +2 lajatang of pain resists.
The +2 lajatang of pain is covered in liquid flames!
You hear a sizzling sound!
Your deep elf zephyrmancer is engulfed in freezing vapours.
Your deep elf zephyrmancer hits the +2 lajatang of pain but does no damage.
Your deep elf pyromancer is engulfed in freezing vapours.
You kill your deep elf pyromancer!
Your deep elf pyromancer's corpse dissolves into shadows!
Your deep elf archer gestures wildly while chanting.
Your deep elf archer blinks!
You are confused.
You feel invigorated.
You feel sick.
The +2 lajatang of pain burns!
The +2 lajatang of pain hits your deep elf pyromancer!!
Your deep elf pyromancer dies!
Your deep elf pyromancer's corpse dissolves into shadows!
Something hits your deep elf pyromancer!
Your deep elf pyromancer dies!
Your deep elf pyromancer's corpse dissolves into shadows!
Unknown command.
Unknown command.
Unknown command.
You feel sick.
The +2 lajatang of pain burns!
Your deep elf zephyrmancer is engulfed in freezing vapours.
Your deep elf zephyrmancer casts a spell.
Your deep elf zephyrmancer blinks!
Your deep elf knight misses the +2 lajatang of pain.
The +2 glaive of venom is engulfed in freezing vapours.
The +2 glaive of venom hits you from afar.
* * * LOW HITPOINT WARNING * * *
You are more poisoned.
Unknown command.
Unknown command.
Unknown command.
You feel sick. The +2 lajatang of pain hits you!
* * * LOW HITPOINT WARNING * * *
The +1 short sword of venom is engulfed in freezing vapours.
The +2 glaive of venom hits you from afar!!
You die...

#.............#.#
#..)..........#.#####
#...).....)...#..##.#
##..)).)..)..###[..##
#.#..))8....#.###).#
##...).).....###.#.####
#...))........#e##....##
#.....)........######..#
#........e@...## ##.####
##...).#(e(..## #....#
##...#e#(§§## ####.#
####''§#### #.#
############.§§############
#..
#....##......§e{....##....##
###
....#..#.....§.....#..#....##
...#....#.........#....#....#
#
..#......#)......#......#...#
#


You could see a deep elf pyromancer, 3 dancing weapons, a friendly deep elf
knight (summoned) and 3 friendly deep elf zephyrmancers.

Vanquished Creatures
  Saint Roka (Orc:2)
  the Lernaean hydra (Swamp:4)
  Nikola (Swamp:1)
  Jorgrun (Spider:2)
  A deep elf master archer (Elf:2)
  A thorn hunter (Swamp:4)
  2 ghost moths
  Louise (D:15)
  5 emperor scorpions
  A broodmother (Spider:1)
  A very ugly thing (D:13)
  3 bunyips
  2 shambling mangroves
  2 entropy weavers
  A catoblepas (D:14)
  15 hydras
  A vault guard (D:14)
  2 rakshasas (D:15)
  2 jorogumos
  10 centaur warriors
  5 boulder beetles
  2 ghost crabs (Swamp:4)
  2 ogre magi
  5 radroaches
  A two-headed ogre (shapeshifter) (D:15)
  8 alligators
  4 two-headed ogres
  14 dancing weapons
  3 death yaks
  A deep troll earth mage (D:13)
  An orc high priest (Orc:2)
  6 deep elf knights
  A fire crab (Lair:5)
  4 pharaoh ants
  A skyshark (Lair:5)
  2 goliath frogs
  A skeletal warrior (D:13)
  A deep troll (D:15)
  4 sun moths
  6 orb spiders
  2 bog bodies
  4 spriggan druids
  5 steelbarb worms
  4 deep elf archers (Elf:2)
  A glowing orange brain (D:15)
  11 swamp dragons
  15 deep elf pyromancers
  A harpy (shapeshifter) (D:15)
  12 deep elf zephyrmancers
  2 orc knights
  2 lindwurms
  21 wolf spiders
  A wolf spider (shapeshifter) (D:13)
  8 ugly things
  2 orc sorcerers (Orc:2)
  5 cyclopes
  5 manticores
  2 will-o-the-wisps
  5 moths of wrath
  9 elephants
  2 molten gargoyles (Lair:5)
  6 black mambas
  10 cane toads
  A gargoyle (D:12)
  9 torpor snails
  8 demonic crawlers
  2 rime drakes
  2 freezing wraiths
  2 kobold demonologists (D:10)
  A yaktaur (shapeshifter) (D:13)
  An efreet (D:13)
  9 komodo dragons
  A yaktaur (D:15)
  Maggie (D:7)
  2 tengu conjurers
  A polar bear (Lair:1)
  A queen bee (Lair:2)
  12 trolls
  A merfolk (D:15)
  A meliai (shapeshifter) (D:13)
  A meliai (Spider:4)
  8 tyrant leeches
  10 hornets
  17 tarantellas
  7 blink frogs
  2 blink frogs (shapeshifter)
  8 dream sheep
  4 air elementals (Elf:1)
  17 culicivoras
  24 jumping spiders
  A wraith (D:13)
  A shadow (D:10)
  21 yaks
  2 water elementals (D:14)
  Sigmund (D:5)
  6 wyverns
  8 slime creatures
  4 basilisks
  A vampire (D:11)
  6 spriggans
  3 steam dragons
  Eustachio (D:5)
  2 fire elementals (Elf:2)
  40 redbacks
  Menkaure (D:7)
  3 wargs (Orc:2)
  15 vampire mosquitoes
  6 acid dragons
  7 swamp worms
  Duvessa (D:7)
  4 hell hounds (Lair:5)
  7 water moccasins
  2 sky beasts
  5 swamp drakes
  25 orc warriors
  A black bear (D:7)
  7 ice beasts (D:8)
  3 ogres
  5 boggarts
  13 centaurs
  8 wolves
  2 phantoms
  15 bullfrogs
  11 kobold brigands
  2 gnoll sergeants
  4 earth elementals (Elf:1)
  23 scorpions (Spider:1)
  4 wights
  27 killer bees
  A nameless horror (Swamp:3)
  2 electric eels (D:14)
  4 howler monkeys
  3 lava snakes
  5 hounds
  3 jellies
  18 orc priests
  Ijyb (D:4)
  2 iguanas
  27 orc wizards
  16 gnolls
  5 adders
  A shadow imp (D:6)
  2 worms
  4 dart slugs
  112 orcs
  8 bats
  4 endoplasms
  2 giant cockroaches (D:2)
  4 goblins
  4 hobgoblins
  7 jackals
  8 kobolds
  6 quokkas
  9 ball pythons
  3 frilled lizards
  8 rats
  A butterfly (Lair:1)
982 creatures vanquished.

Vanquished Creatures (collateral kills)
  A deep elf blademaster (Elf:2)
  A storm dragon (Swamp:1)
  A deep elf sorcerer (Elf:2)
  An emperor scorpion (Spider:4)
  Aizul (Swamp:1)
  2 eleionomae
  2 bunyips
  A fire dragon (Lair:5)
  2 entropy weavers
  7 hydras
  A jorogumo (Spider:4)
  2 radroaches
  A boulder beetle (Spider:1)
  A centaur warrior (D:15)
  2 alligators
  3 dancing weapons (Elf:2)
  A death knight (D:13)
  A two-headed ogre (D:14)
  2 tengu warriors
  Urug (Lair:1)
  A deep elf knight (Elf:2)
  A spriggan druid (Swamp:4)
  2 pharaoh ants
  A sun moth (Spider:2)
  4 bog bodies
  4 steelbarb worms
  6 orb spiders
  3 swamp dragons
  2 deep elf zephyrmancers
  A lindwurm (Lair:5)
  2 deep elf pyromancers (Elf:1)
  An ugly thing (D:12)
  7 wolf spiders
  A will-o-the-wisp (Swamp:1)
  2 elephants (Lair:5)
  A guardian serpent (shapeshifter) (D:13)
  A cane toad (Lair:1)
  2 demonic crawlers
  A freezing wraith (D:15)
  A polar bear (Lair:5)
  11 tarantellas
  A hornet (Swamp:3)
  A raiju (shapeshifter) (Spider:4)
  5 blink frogs
  2 tyrant leeches
  2 slime creatures (Lair:4)
  An air elemental (Elf:1)
  2 spriggans
  4 jumping spiders
  10 culicivoras
  4 yaks
  A water elemental (Elf:1)
  A hog (shapeshifter) (Elf:2)
  17 redbacks
  2 vampire mosquitoes (Swamp:1)
  5 swamp worms
  A water moccasin (Lair:5)
  An orc warrior (Orc:2)
  3 swamp drakes (Swamp:4)
  3 boggarts (D:15)
  7 scorpions (Spider:1)
  2 wights (D:9)
  A killer bee (Lair:2)
  2 lava snakes (Lair:5)
  An orc priest (Orc:2)
  An orc wizard (Orc:1)
  11 orcs
  2 training dummies (Elf:2)
182 creatures vanquished.

Vanquished Creatures (others)
  A radroach (Spider:1)
  A deep elf knight (Elf:1)
  A goliath frog (Swamp:2)
  A deep elf zephyrmancer (Elf:1)
  2 bloated husks (Swamp:4)
  A hornet (Swamp:2)
  A swamp drake (Swamp:4)
  An orc wizard (D:6)
  17 foxfires
26 creatures vanquished.

Grand Total: 1190 creatures vanquished

Notes
Turn   | Place    | Note
-------+----------+-------------------------------------------
     0 | D:1      | Nonny the Naga Ice Elementalist began the quest for the
                  | Orb.
     0 | D:1      | Reached XP level 1. HP: 15/15 MP: 3/3
   136 | D:1      | Starting vault: rat pit to its northeast.
   291 | D:1      | Reached XP level 2. HP: 22/22 MP: 1/5
   677 | D:1      | Classic 4chamber floor.
   954 | D:1      | Reached XP level 3. HP: 28/28 MP: 4/6
   958 | D:1      | Learned a level 3 spell: Frozen Ramparts
  1133 | D:2      | Found Gaerphixt's Armour Emporium.
  1135 | D:2      | Found Loatiq's Assorted Antiques.
  1156 | D:2      | barding already
  1166 | D:2      | Bought a runed robe for 92 gold pieces
  1316 | D:2      | You fall into a shaft and drop 2 floors!
  1392 | D:4      | Reached skill level 5 in Ice Magic
  1403 | D:4      | Reached XP level 4. HP: 22/36 MP: 1/7
  1412 | D:4      | Learned a level 3 spell: Ozocubu's Armour
  1439 | D:4      | Noticed Ijyb
  1478 | D:4      | Killed Ijyb
  1661 | D:4      | Reached XP level 5. HP: 31/43 MP: 4/8
  2007 | D:4      | Reached skill level 5 in Stealth
  2216 | D:4      | Found a glowing golden altar of the Shining One.
  2223 | D:4      | Found a hazy altar of Hepliaklqana.
  2228 | D:4      | Found a radiant altar of Vehumet.
  2235 | D:4      | Found an ornate altar of the Wu Jian Council.
  2242 | D:4      | Found an iron altar of Okawaru.
  2249 | D:4      | Found a broken altar of Ashenzari.
  2256 | D:4      | Found an ancient bone altar of Kikubaaqudgha.
  2268 | D:4      | Became a worshipper of Ashenzari the Shackled
  2599 | D:2      | Found an ancient bone altar of Kikubaaqudgha.
  2636 | D:2      | Found Kenecae's General Store.
  2646 | D:2      | Found Mataogrife's General Store.
  2677 | D:1      | D:2 uphatch definitely viable for orbrun. Use Passwall or
                  | digging wand.
  2769 | D:2      | Noticed a shining eye
  2771 | D:2      | Found a faded altar of an unknown god.
  2772 | D:2      | Noticed a great orb of eyes
  2772 | D:2      | Noticed a floating eye
  2772 | D:2      | Noticed a great orb of eyes
  2866 | D:2      | Found Plog's Antique Weapon Shop.
  3026 | D:3      | Reached XP level 6. HP: 50/50 MP: 9/9
  3623 | D:5      | Entered Level 5 of the Dungeon
  3654 | D:5      | Reached * piety under Ashenzari
  3765 | D:5      | Noticed Sigmund
  3771 | D:5      | Killed Sigmund
  3772 | D:5      | Reached skill level 1 in Fighting
  3772 | D:5      | Reached skill level 3 in Spellcasting
  3990 | D:5      | Noticed Eustachio
  4005 | D:5      | Reached skill level 1 in Shields
  4015 | D:5      | Reached XP level 7. HP: 43/57 MP: 2/12
  4035 | D:5      | Killed Eustachio
  4036 | D:5      | Reached skill level 4 in Spellcasting
  4169 | D:5      | Found Ilal Ipt's Magic Scroll Shop.
  4196 | D:5      | Reached ** piety under Ashenzari
  4243 | D:5      | Found a staircase to the Ecumenical Temple.
  4250 | D:5      | Temple entrance in south. Misty pool of water.
  4251 | Temple   | Entered the Ecumenical Temple
  4252 | Temple   | Temple: THE CIRCLE
  4836 | D:6      | Vault: lava cross. In west. Contains three orcs, orc
                  | priest, and shadow imp.
  4928 | D:6      | Reached XP level 8. HP: 52/67 MP: 11/14
  4980 | D:6      | Reached skill level 5 in Spellcasting
  5168 | D:6      | Reached skill level 6 in Spellcasting
  5621 | D:7      | Reached XP level 9. HP: 68/74 MP: 13/18
  5624 | D:7      | Learned a level 2 spell: Blink
  5638 | D:7      | Noticed Dowan
  5639 | D:7      | Noticed Duvessa
  5660 | D:7      | Killed Duvessa
  5661 | D:7      | Reached skill level 1 in Translocations
  5666 | D:7      | Dowan changed into Dowan the orc
  5666 | D:7      | Noticed Dowan
  5670 | D:7      | Killed Dowan the orc
  5711 | D:7      | Reached skill level 7 in Spellcasting
  5822 | D:7      | Noticed Maggie
  6077 | D:7      | Noticed Menkaure
  6087 | D:7      | Killed Menkaure
  6103 | D:7      | +1 rapier of distortion
  6439 | D:8      | Icy floor.
  6530 | D:8      | Found Gecsatyd's General Store.
  6687 | D:8      | Found a staircase to the Lair.
  6692 | D:8      | Lair entrance is icy. Has ice beasts, bullfrog, wolves,
                  | etc.
  6772 | D:8      | Reached skill level 1 in Armour
  6780 | D:8      | Noticed a rime drake
  6792 | D:8      | Reached skill level 5 in Dodging
  6792 | D:8      | Reached skill level 8 in Spellcasting
  6803 | D:8      | Killed a rime drake
  6804 | D:8      | Reached XP level 10. HP: 49/84 MP: 13/22
  6904 | D:8      | Identified the cursed +0 helmet of Ashenzari's Fetters
                  | {Cun, Comp} (You found it on level 1 of the Dungeon)
  6904 | D:8      | Identified the cursed +0 barding "Overhang to Understand"
                  | {Fort, Bglg} (You found it on level 2 of the Dungeon)
  6910 | D:8      | HP: 4/84 [ice beast (6)]
  7152 | D:8      | Learned a level 4 spell: Summon Ice Beast
  7196 | D:8      | Learned a level 5 spell: Freezing Cloud
  7231 | D:8      | Bought a potion of haste for 140 gold pieces
  7478 | D:9      | Reached skill level 1 in Summonings
  7535 | D:9      | Noticed a boulder beetle
  7571 | D:9      | Reached skill level 1 in Air Magic
  7795 | D:9      | Killed a boulder beetle
  8025 | D:9      | Noticed a two-headed ogre
  8054 | D:9      | Killed a two-headed ogre
  8412 | D:10     | Entered Level 10 of the Dungeon
  8536 | D:10     | Reached *** piety under Ashenzari
  8618 | D:10     | Found a shadowy altar of Dithmenos.
  8644 | D:10     | Found an opulent altar of Gozag.
  8674 | D:10     | Noticed a kobold demonologist
  8684 | D:10     | Killed a kobold demonologist
  8685 | D:10     | Reached skill level 5 in Fighting
  8685 | D:10     | Reached skill level 1 in Conjurations
  8802 | D:10     | Reached skill level 5 in Armour
  8820 | D:10     | Reached XP level 11. HP: 85/99 MP: 18/25
  8849 | D:10     | Found a portal to a secret trove of treasure.
  8858 | D:10     | Identified the +3 ring mail of Youthful Indiscretion {rF+
                  | Str+3 Int+3 Dex+3}
  8875 | D:10     | Youthful Indiscretion is found in the northwest, south of
                  | Treasure Trove.
  8961 | D:10     | Found a hide-covered altar of Uskayaw.
  9333 | D:10     | Kobold demonologist is in kobold vault in south-center of
                  | floor.
  9484 | Lair:1   | Entered Level 1 of the Lair of Beasts
  9694 | D:7      | Killed Maggie
  9896 | Lair:1   | Nice little forest trail east of entrance.
 10021 | Lair:1   | Noticed Urug
 10663 | Lair:2   | Noticed a will-o-the-wisp
 10674 | Lair:2   | Killed a will-o-the-wisp
 10681 | Lair:2   | Found a staircase to the Swamp.
 10689 | Lair:2   | Swamp entrance in northwest.
 10749 | Lair:2   | Reached skill level 5 in Summonings
 11027 | Lair:2   | Learned a level 3 spell: Mephitic Cloud
 11260 | Lair:2   | Noticed an eight-headed hydra
 11284 | Lair:2   | Killed an eight-headed hydra
 11285 | Lair:2   | Reached XP level 12. HP: 64/109 MP: 10/25
 11523 | Lair:2   | Killer bee queen vault in southeast. lol yak corpses.
 11567 | Lair:2   | Reached skill level 9 in Spellcasting
 11610 | Lair:2   | Reached skill level 5 in Conjurations
 11740 | Lair:2   | Found a hole to the Spider Nest.
 11943 | Lair:2   | Identified the +5 ring mail "Bifexo Foet" {*Corrode rN+
                  | Dex+3 Stlth+}
 12042 | Lair:1   | Lair:2 uphatch leads directly next to Lair entrance/exit!
 12343 | Lair:3   | Noticed a seven-headed hydra
 12354 | Lair:3   | Killed a seven-headed hydra
 12355 | Lair:3   | Reached skill level 10 in Spellcasting
 12912 | Lair:4   | Noticed a death yak
 12932 | Lair:3   | Killed a death yak
 13002 | Lair:4   | Noticed a five-headed hydra
 13019 | Lair:3   | Killed a five-headed hydra
 13051 | Lair:4   | Noticed a death yak
 13083 | Lair:4   | Noticed a death yak
 13308 | Lair:4   | Found a staircase to the Slime Pits.
 13412 | Lair:4   | Reached skill level 11 in Spellcasting
 13472 | Lair:4   | Gained mutation: You can use your snake-like lower body to
                  | constrict enemies. [Naga growth]
 13472 | Lair:4   | Reached XP level 13. HP: 103/118 MP: 29/29
 13510 | Lair:4   | Identified the +6 plate armour of Verdant Intercession
                  | {Rampage Int+3 Stlth+}
 13723 | Lair:4   | Found a blossoming altar of Fedhas.
 13836 | Lair:4   | Reached skill level 5 in Air Magic
 14102 | Lair:5   | Entered Level 5 of the Lair of Beasts
 14420 | Lair:5   | Reached skill level 12 in Spellcasting
 14432 | Lair:5   | Learned a level 2 spell: Poisonous Vapours
 15060 | Lair:5   | Reached skill level 13 in Spellcasting
 15087 | Lair:5   | Staff of cold! In northern area, nearby seven-headed hydra
                  | and blink frogs
 15294 | Lair:5   | Found a large runed translucent door.
 15294 | Lair:5   | Found a large runed translucent door.
 15294 | Lair:5   | Noticed a fire dragon
 15438 | Lair:5   | Reached XP level 14. HP: 116/129 MP: 16/33
 15595 | Lair:5   | Fire dragon ez
 15868 | Lair:1   | Killed Urug
 15870 | Lair:1   | Mephitic cloud did work.
 16107 | D:5      | Bought a scroll of acquirement for 676 gold pieces
 16108 | D:5      | Acquired the +3 Elemental Staff {rElec rF+ rC+ AC+3}
 16108 | D:5      | Found the +3 Elemental Staff {rElec rF+ rC+ AC+3}
 16304 | D:11     | Reached skill level 14 in Spellcasting
 16311 | D:11     | Reached skill level 1 in Evocations
 16520 | D:11     | Found a runed translucent door.
 16520 | D:11     | Identified the +2 hat of Slovenliness {Fly Str+5 Int-3}
 16546 | D:11     | Reached skill level 1 in Staves
 16556 | D:11     | Found a runed translucent gate.
 16556 | D:11     | Found a runed translucent gate.
 16556 | D:11     | Found a runed translucent gate.
 16556 | D:11     | Found a runed translucent gate.
 16556 | D:11     | Found a runed translucent gate.
 16557 | D:11     | Found a runed translucent gate.
 16701 | D:11     | Indiana Jones vault.
 16729 | D:11     | Acquired the +0 pair of gloves of Zeoteg {Fly rC+ Regen+
                  | Dex+2}
 16736 | D:11     | Reached **** piety under Ashenzari
 17256 | D:11     | Learned a level 4 spell: Airstrike
 17260 | D:11     | Learned a level 3 spell: Swiftness
 17593 | D:12     | Identified the +0 ring mail of Impatience {rElec rF- Int+2}
 17821 | D:12     | Found a staircase to the Orcish Mines.
 18178 | Orc:1    | Entered Level 1 of the Orcish Mines
 18442 | Orc:2    | Entered Level 2 of the Orcish Mines
 18705 | Orc:2    | Found a staircase to the Elven Halls.
 19282 | Orc:2    | Found Waczase's Jewellery Emporium.
 19288 | Orc:2    | Bought a ring of resist corrosion for 260 gold pieces
 19497 | Orc:2    | Noticed Saint Roka
 19511 | Orc:2    | Killed Saint Roka
 19512 | Orc:2    | Reached skill level 5 in Staves
 19530 | Orc:2    | Found Tiesircha's Antique Weapon Shop.
 19538 | Orc:2    | Found Asyar's Antique Armour Boutique.
 19739 | Orc:2    | Found Tuimmew's Distillery.
 19748 | Orc:2    | Bought a potion of curing for 42 gold pieces
 19891 | Orc:2    | Bought a potion of brilliance for 56 gold pieces
 19955 | Elf:1    | Entered Level 1 of the Elven Halls
 20288 | D:13     | Found a runed translucent gate.
 20289 | D:13     | Found a runed translucent gate.
 20290 | D:13     | Found a runed translucent gate.
 20291 | D:13     | Noticed Jingleheimer's ghost (journeyman OpTm)
 20315 | D:13     | Reached skill level 10 in Stealth
 20328 | D:13     | Found Buovinalo's Magic Scroll Shop.
 20335 | D:13     | Bought a scroll of acquirement for 624 gold pieces
 20335 | D:13     | Acquired the +0 mask of the Dragon {Will+ Slay+3 SInv}
 20335 | D:13     | Found the +0 mask of the Dragon {Will+ Slay+3 SInv}
 20524 | D:13     | Identified the ring "Onunufy" {Contam rC+ Str+5}
 20529 | D:13     | Noticed a brown very ugly thing
 20540 | D:13     | Reached XP level 15. HP: 110/138 MP: 17/34
 20594 | D:13     | Identified the +6 glaive "Atsikoo" {holy, rPois rF+++ Int-5
                  | Dex-5}
 20887 | D:13     | Identified the +4 ring mail "Zurphyj" {rF+ rCorr Dex+3
                  | Stlth-}
 21037 | D:13     | Crazy ass loot vault in west. Lots of monsters!
 21041 | D:13     | manual of ranged weapons
 21500 | D:13     | Bought a scroll of teleportation for 36 gold pieces
 21500 | D:13     | Bought a scroll of teleportation for 36 gold pieces
 21500 | D:13     | Bought a scroll of fog for 48 gold pieces
 21500 | D:13     | Bought a scroll of magic mapping for 90 gold pieces
 21548 | D:13     | Acquired the ring of Natunit {Contam rElec rF+ rN+ Will+
                  | Stlth+}
 22306 | D:14     | Reached skill level 15 in Spellcasting
 22350 | D:14     | Found a gate to the Vaults.
 22356 | D:14     | Learned a level 2 spell: Passwall
 22363 | D:14     | Vaults entrance accessed in south.
 22386 | D:14     | Reached skill level 5 in Shields
 22654 | D:14     | Large pool of water with hydra and electric eel.
 23101 | D:15     | Entered Level 15 of the Dungeon
 23408 | D:15     | Noticed Louise
 23431 | D:15     | Killed Louise
 23729 | D:15     | Reached XP level 16. HP: 149/150 MP: 36/36
 23780 | D:15     | Found a shadowy altar of Dithmenos.
 24237 | D:14     | Learned a level 5 spell: Fireball
 24427 | D:15     | Found a staircase to the Depths.
 24519 | D:15     | Noticed Nessos
 24520 | D:15     | Nessos changed into Nessos the merfolk
 24520 | D:15     | Noticed Nessos
 24529 | D:15     | Killed Nessos the merfolk
 24674 | Depths:1 | Entered Level 1 of the Depths
 24916 | Swamp:1  | Entered Level 1 of the Swamp
 25082 | Swamp:1  | Noticed Frances
 25088 | Swamp:1  | Frances changed into Frances the storm dragon
 25088 | Swamp:1  | Noticed Frances
 25097 | Swamp:1  | Noticed Nikola
 25171 | Swamp:1  | Noticed Aizul
 25188 | Swamp:1  | Killed Aizul
 25305 | Swamp:1  | Killed Nikola
 25321 | Swamp:1  | Frances is kicking my ass...
 25442 | Swamp:1  | Killed Frances the storm dragon
 25443 | Swamp:1  | Reached skill level 10 in Fighting
 25982 | Swamp:2  | Reached skill level 1 in Fire Magic
 26175 | Swamp:2  | Jeez Louise. Used up all of my teleport scrolls because I
                  | kept on getting surrounded.
 26938 | Swamp:2  | At least the shitshow's over. :)
 27138 | Swamp:3  | Reached skill level 16 in Spellcasting
 27541 | Swamp:3  | Reached XP level 17. HP: 149/159 MP: 35/38
 27740 | Swamp:3  | staff of air in south
 27782 | Swamp:4  | Entered Level 4 of the Swamp
 28541 | Swamp:4  | Reached skill level 5 in Fire Magic
 28765 | Swamp:4  | Noticed the 27-headed Lernaean hydra
 28776 | Swamp:4  | Killed the 27-headed Lernaean hydra
 28967 | Swamp:4  | Got a decaying rune of Zot
 29193 | Spider:1 | Entered Level 1 of the Spider Nest
 29298 | Lair:2   | NAsty-ass poison.
 29709 | Spider:1 | Identified the +2 dagger "Zucw" {speed, Fly Int+2}
 29753 | Spider:1 | Identified the +0 chain mail of Xom's Approval {rElec rC-
                  | rN+ Str+3}
 30175 | Spider:1 | Scorpions vault.
 30348 | Spider:1 | Reached skill level 10 in Shields
 30359 | Spider:1 | Reached skill level 17 in Spellcasting
 30530 | Spider:1 | Spider:1 was so much smoother than Swamp:1. Not totally
                  | safe, but much easier.
 30857 | Spider:2 | Reached XP level 18. HP: 170/170 MP: 14/40
 31138 | Spider:2 | another staff of air, eastern
 31365 | Spider:2 | Found a transporter.
 31385 | Spider:2 | Noticed Jorgrun
 31401 | Spider:2 | Killed Jorgrun
 31474 | Spider:2 | Found a transporter.
 31525 | Spider:2 | Noticed Jokitz's ghost (adept TrFi)
 31525 | Spider:2 | Identified the +0 helmet of the Swamp {rN+ rCorr}
 31526 | Spider:2 | Identified the Compilation of Talus and Vicissitude
 32336 | Spider:3 | Book of Frost
 32352 | Spider:3 | Learned a level 3 spell: Hailstorm
 32610 | Spider:3 | Orcish Mines vaul
 32667 | Spider:4 | Entered Level 4 of the Spider Nest
 32963 | Spider:4 | Reached skill level 18 in Spellcasting
 33259 | Spider:4 | HP: 3/171 [demonic crawler (13)]
 33267 | Spider:4 | HP: 7/171 [demonic crawler (10)]
 33949 | Spider:4 | Gained mutation: You do not regenerate when monsters are
                  | visible. [mutagenic glow]
 34318 | Spider:4 | Lost mutation: You do not regenerate when monsters are
                  | visible. [potion of mutation]
 34318 | Spider:4 | Gained mutation: You have a somewhat thin skeletal
                  | structure. (Dex +2, Stealth+) [potion of mutation]
 34318 | Spider:4 | Gained mutation: You have hidden genetic potential. [potion
                  | of mutation]
 34335 | Spider:4 | Found the +3 pair of mountain boots {steadfast, rC+}
 34343 | Spider:4 | Got a gossamer rune of Zot
 34805 | Spider:4 | Reached XP level 19. HP: 126/180 MP: 0/43
 35414 | Elf:1    | Found Cadd's Weapon Shop.
 35551 | Elf:1    | Paralysed by an air elemental for 1 turns
 35682 | Elf:1    | Paralysed by an air elemental for 1 turns
 35763 | Elf:1    | Paralysed by an air elemental for 1 turns
 35770 | Elf:1    | Reached skill level 19 in Spellcasting
 35821 | Elf:1    | Paralysed by an air elemental for 1 turns
 36022 | Elf:1    | Found Copatoi's Overcharged Wands.
 36028 | Elf:1    | Bought a wand of digging (11) for 693 gold pieces
 36584 | D:2      | Bought a scroll of summoning for 133 gold pieces
 36584 | D:2      | Bought a potion of curing for 42 gold pieces
 36584 | D:2      | Bought a potion of cancellation for 112 gold pieces
 36584 | D:2      | Bought a potion of cancellation for 112 gold pieces
 37215 | Elf:2    | Found Zeciejuu's Antique Armour Shop.
 37334 | Elf:2    | Identified the +4 bardiche of Virosh {freeze, Str+3 Int+7
                  | Dex-5}
 37339 | Elf:2    | Found a runed translucent gate.
 37340 | Elf:2    | Bloody Hall of Blades entrance vault.
 37342 | Elf:2    | Found a runed translucent gate.
 37342 | Elf:2    | Found a runed translucent gate.
 38062 | Elf:2    | Slain by a +2 glaive of venom

Illustrated notes #...# ####### #####...# ###.....## ........###......[.# #####...##......†..# #...##..##...### #...#.†####### ###'#'## #....# #.@<.# ##.### ##'## ##...## ##.....## ### # ##.......## ##.##.# #.........####...#.### +.........'........... #.........####........ Turn 136 on D:1: Starting vault: rat pit to its northeast. . .( . ... . #+ ..# # # ... ..#.# ## .... ##..#.# .## ..... ##.....# ..#### ......####....# .....+ ..$..b'@......# ..#### ......####....# .## K.... ##.#.# ## .... #....# # ... #.#### # #+ #.# # .# #.# # ###.### ####.# # #..... ..##.# Turn 677 on D:1: Classic 4chamber floor. #... #.#.##.. #...##.#.#..### ....#........##> #....#......... ###.............. ......∩#......# #...#......# #.....@....# #.∩........# ##...#.......# ##.......[.....( ###..........####. ###=..####...### ##...#.###....# ####..##..#....#.# ..#......##.#....... Turn 1156 on D:2: barding already ..# #...# #.>.. #.# ##### ##### ..# ####### ##### ..# ###.....## #...######## ..###......[.# #.#........# ..##......†..# #†..##...... ..##..##...####### ##.###.###.# ..#..####### #...######.###.# #.# #'#'## #####..@.#......##.# #.# ....# #....##..#.###..##.# #.. ..<.# #....##..#.# #...#.# ### #.### ##.....#..#.# #...#.# # #'## #..###.#..#.# #...#.##### ...## #.........#.####.##...... ....## ######.####......######## .....## ##.##.# ######..## ##. ......####...#.#########...####.. Turn 2677 on D:1: D:2 uphatch definitely viable for orbrun. Use Passwall or digging wand. .# #S.....#..#....#..##. .# #......#..#....#..... .# ##......#..'....#..... ## #......##..#....#..... ## , *##....##..#....#####' .# , * #..§~~....#....'..... .# , * #.~~§~~...#....#..... ## , ###~~§§~~§..#....#....# * #..~~§@~§§..#....#....# #...~~~~~~~..#....#..... . #....~~~~~...#....'..... .... ...#..~§~....#....#..... # ##.....#######....#....# # #..... #....#....# # #.....* #....#....' # #..... #....#....# # #....#....# Turn 4250 on D:5: Temple entrance in south. Misty pool of water. ######### ##._..._.## ##_......._## ##...........## #...≈.≈.≈.≈...# #....≈≈.≈≈....# #_..≈≈...≈≈.._# #......@......# #_..≈≈...≈≈.._# #....≈≈.≈≈....# #...≈.≈.≈.≈...# ##...........## ##_......._## ##._..._.## ######### Turn 4252 on Temple: Temple: THE CIRCLE ##≈≈...≈≈...§§##*** ##§§....≈§..§§≈§## * ##§≈.....§≈.....≈≈## #≈≈......≈≈......§≈# , #≈......≈≈≈§......≈# * #≈...§.≈.≈§.§..§§.≈# #§§§≈§§§≈≈§≈§≈≈≈§.≈# , #≈§≈§≈≈§§§≈§§≈§§≈.≈# #≈.§§§.≈@§≈§§§....≈# * #≈......≈≈≈≈§.....≈# *, , #≈≈......≈≈...§§.≈≈# ,* ##≈≈..)[.≈≈..§..≈≈## * ##≈§.)..§≈..§.≈≈##, , ##≈≈§..≈≈...≈≈## , ##§§......≈§##,,, ,, ##≈§≈..≈≈≈##* , * ######''#### ,, , * Turn 4836 on D:6: Vault: lava cross. In west. Contains three orcs, orc priest, and shadow imp. *#.# #)# # ..# #)# # * #)# # ** #.# # , #.# # #####.# ####### * , #####.....# #...... * , ...^....#* #.##### * * *** #@######## #.# # ,#........# #.## # * *,########.# #..# # * #.# ##.# # * * #.# #.# . , *######.####.###. ,,................. #######.####..### , #.., ...# Turn 6103 on D:7: +1 rapier of distortion , , ,,, ,** ,, #.### *..Y ..... #... *, , *########.#....... ,, .........#.#..... , ,.......#.Y.#... .....#....... , , , ** ###.#.#...#... #....@........ * ###.#.#####.#..., #####...#.......# #..........#####. #..........#### ,, , #.......<.....# #.............# , , #.............# , , ,, #.............#* Turn 6439 on D:8: Icy floor. #....... ,, #..... #.#..... ,.#....,*....... , #.Y.#... ,....>. ..#...., , #....... , ....$ *......#, #...#... #...* ..#...., * ..........* ##..##......., , ### ###.#.....###...#.#...... * , ... ....# ...............# #.# ####. #....#.#.@....#..# #.# ### ,, .............# #.# ..# . .#.......#.### #####.# ..# , ....#...#.#### #...#.# ..# , ......>...# #.#.#<# ..#* ....####.###########.#.#.. ..#* . . #....†........#.#.# ..#* , , ###############...# ### , ##### Turn 6692 on D:8: Lair entrance is icy. Has ice beasts, bullfrog, wolves, etc. ....≈...≈.# #.#.≈(∩.≈.# * , #.#.≈...≈.#### ,_, #...≈≈≈≈≈..... , , #.........# * , #....##..## , #...###..# ######...###..# * #..........@..# * #.#####..###>.# #.# #....#..# #.# #.......##### #.# #..##.......# #.# #.###.(....[# * #.# #.# #........ #.# #.###...†.... ** #.# ##.##.......# Turn 8875 on D:10: Youthful Indiscretion is found in the northwest, south of Treasure Trove. #.......##### #..##.......# #.###.(....[# * #.# #........ #.###...†.... ####### ##.##.......# #.....# ##..........# #.....# ............# #.....########### #.#..###.#### #.@...#.........# .###.# #.# #)....#########.# ..#..###.## ##)##### #.# ..........# #))##.# #.# ..##.##...####)###.## #.# #.##.##.#......†....# #.# ..)#.##.#####.##.#..# ####.### .....##.#####.##.#..######....... .......#......................... Turn 9333 on D:10: Kobold demonologist is in kobold vault in south-center of floor. #.#.........#.# ♣P♣♣♣...P♣ ..+.<........., *♣P♣....♣♣ ###.........##* , ♣....♣♣ ####'#.#.## * ♣♣....♣ #.....### #♣♣....♣♣ * #######'..# #.♣....♣ ##.#.......###.....♣P♣ #..'.......##......P♣♣ ##.##.......#..@...♣♣.♣ * #...#.............♣♣*♣P♣ ##.###.......#...♣♣P♣ ♣.# ...# #.......#.P♣♣ ♣♣ .# , #### #.......P.#♣ * #* #.......+.* * , , #.......## * , , * .#,* , , , Turn 9896 on Lair:1: Nice little forest trail east of entrance. ### ##* ##~# #* #.###§§### * ###.####.##§§§§#.#### #...........§@§§..... , , #P.####..P.§§§§###### * P.# ##...###§# , * , ##.# ##.### ..#* .## * #..####.†.####..#####..#* * #......................, , ##.#.#####............ ,, #.### #..........###* , #.## ##............# Turn 10689 on Lair:2: Swamp entrance in northwest. ... * #...#####....# P. ... #.....8....#** #. , #.#* ###.......# #. , ##..# ####.>.### ###. #..P.###...#..#.#### #... , ###.....#........#..#####. , ........########.......... ,........#†...††##P#..##... ........#@†.†..####.#####. ,.......†††.....# #..# #. ,........######## ##.# #. , , ,........†...######..###### ,............##.##...P.##P# , , ..............††.......... ...............##.P##....# * ........>......#######.##. ...............# ##..## Turn 11523 on Lair:2: Killer bee queen vault in southeast. lol yak corpses. #........# #.........P##..... ##.......# #.........####.... #.......###.........## #.... #.......'.#.........P# #♣P.. #.......#.#.........### ♣P♣♣ #.......#...........+.# ♣♣P* #.......#.#.........#.##♣P♣♣ #.'###.#..+.<...........♣♣P♣ ##.# ######@........####.♣♣. #.# ####'#.#.## #♣♣♣. ##.# #.....### #♣♣.. ##..# #######'..# #.♣.. #.[## ##.#.......###.... ###.#.### #..'.......##..... ##.......# ##.##.......#...... #.......?# #...#.............♣ #........#####.###.......#...♣♣. Turn 12042 on Lair:1: Lair:2 uphatch leads directly next to Lair entrance/exit! ............## ###P#####.......# ..†...#......####PP.....P......## .##..§.................P..(....## ####§............................ # *##..................#......... #≈ #............†............... #≈####..............!....###........ ♣♣♣♣ ♣..##.............#..##..... ♣♣..##......@.....+..###..... *♣♣...##...Y.........### #..... #♣♣♣..................# #..... #............b....$...# #..... #.......#.......P....## #..... ###'.####.P....$.....# ##.#.# ##.## ##.........### ###..## #...# ##.....+##.## ##...... ##'#### ##.........# #.'..... Turn 15870 on Lair:1: Mephitic cloud did work. , ,,, ,* ** * * * * ** * ### ##.## * * #...######### * * ##.#.##.#§°○≈# ######^÷#..'.'^..8# *.#######8##..)###†'.'...=# $.....#.'@#..# #.'.†...8# ..#.#.#.8#.#.## ###.#≈○°°# #......###.#.# ######## ##.###.# ##.## # #)# ### #., #.# #.##†############# ##### #...†))).........## #.... ####)###########..# #.... Turn 16701 on D:11: Indiana Jones vault.

..#.#.....*..## *#...##..## #....
#...#.....#.. *#8.8##...###....
#....##.##..,, ........#...#..###
....#.....#.#*..##8.8####...#.#
....#.....*.##.. #...# ##.†#.##
....###.#####.### #.# ###.###..##
....#.....#.....##.# #..#..#....
....#.#.#.#.###.#..# ,#.....#.##.
..............#.@# ∆ #.#.(.#).###
....#.###.#.###.#..#..#.....#.# #
....#.....#.....##.#.##..#..#.###
....###.#####.#####.#####.###.##.
....# #.# #.#.#.#..#..#...# #.##.
.##.#*#.####...##.##..#...###.#.#
. #.. ............=[##..#[.....##
*#.####÷[.##...#.#.##..#.## , *
#.# #.#÷#.#.....#=....#.#


Turn 21037 on D:13: Crazy ass loot vault in west. Lots of monsters! .#.....*..##
*#...##..## #.... , .#.....#.. *#8.8##...###..... ..##.##..,,
........#...#..##### .#.....#.#*..##8.8####...#.# .#.....*.##.. #...# ##.†#.##
.###.#####.#####.#####.###..### .#.....#.....##.#.##..#..#....###
.#.#.#.#.###.#..#..#.....#.##...# ...........#..##@##.#.(.#).###...
.#.###.#.###.#..#..#.....#.# #... .#.....#.....##.#.##..#..#.###...
.###.#####.#####.#####.###.##...# .# #.# #.#.#.#..#..#...# #.##..##
.#*#.####...##.##..#...###.#.### .. ............=[##..#[.....##
*#.####÷[.##...#.#.##..#.## * #.# #.#÷#.#.....#=....#.# Turn 21041 on D:13:
manual of ranged weapons #########* #...# #.# ,$.. *** * ~ * #...# #.# ,.. , , ~
##### #.# , ,. ,, ~ ~~ * #.# , , ~ ~* *.# , , ,, ~ ~~############# , , ,,,,,~ ~
#∩#.#.#)#.#.## { * , ,,~ ~ ~ ##.#)#.#.#.#.# ,,{ , *~~ **#.#@#.#.#.#.## , *~*
##.#.#.#.#[#.# * * < * #.#.#.#.#†#.## , ,* ##[#.#.#.#.#.# * * ** *#.#.#.#.#.#.##
* ##.#.#.#.#.#.####### * *############....... ,* * ............. * , ,, ,
,.........~... Turn 22363 on D:14: Vaults entrance accessed in south.
####.#.<................######## #........#######~~#######......# ##........#
##~~~~## #....[.# .#........# ##~~~~~~## #....... .#........# ##~~~~~~~~##
#....... .#........###~~~~~~~~~~# #....... .##)#.#.#.##~~~~~~~~~~~# #.......
..#.#...#.#~~~~~~~~~~~~# #....... ..#.#####)#~~~~~@§§§~~~# #.......
.....^....##~~~~§§§§~~~# #....... .#.##########~~~~§☼°~~~# #....... ##.###
##~~~~§§§~## ##.##### .#...#### ##~~~§§§## #.#.... .###....########~~§~##
#.#.... .# #.........# ##~~## ###...... .# #...#####.# #### ###........ .# #...#
#.## #...###.... Turn 22654 on D:14: Large pool of water with hydra and electric
eel. ♣♣.~.~....~~~~~~~~~.....♣♣♣.~.. ♣~~~~..~~~~~~~~†....~.~~§♣♣....
♣♣♣.~~~~~~~~~~~~~~...~..~..♣♣...~ ♣~....§~.~♣~.~~~~~...♣♣§....♣♣♣♣♣
~~~........~....~~...♣♣..~.~♣ ♣ >~~.~~....~.♣♣..[....♣♣.~~.♣♣ ♣
......♣♣.~§..~♣♣.....♣♣ ♣...~....~~~§.~..~~..~♣ ~~ * ~......~~~)~~~..@~..~.. > ~
♣~..~..~§§~~~~..~~.~~..~ ,,* ♣ ♣...§§§§v~~~~~.......~~~~ * ♣♣
♣~.D♣♣§.~~~~~~...§..~~~~ , ,♣♣♣. ♣~~§.~§.....~~~~....~~~~~~~ ....
♣.~§§§......~~.~~~..... ~, ~~~. ♣♣..@~♣§.~~.~~.~~..#.## , ~,.... ♣~~♣♣♣♣♣♣♣.. ,
, , ,,,. ♣.~♣ ♣♣ * ,* ,, **, ,§~~. Turn 25321 on Swamp:1: Frances is kicking my
ass... ~ ♣♣♣*♣♣♣♣x~~...[~§~~♣♣ ~ ♣♣♣≈♣.~..~~~...♣ ♣≈≈≈≈♣...~~.♣♣♣♣ ,
♣♣≈≈≈≈≈♣♣...~♣.♣♣ ** ♣≈≈x≈≈≈≈♣...♣..~♣ ♣♣≈≈≈≈≈≈♣..~~~.~♣♣ ♣..♣≈≈≈♣~^~§..~.♣♣
♣♣♣~~♣≈≈~~.~~~....♣ ♣♣.♣.~~.~.~~~@~♣♣.♣♣ ♣..~.~~...♣....♣ ♣♣ ♣♣.♣~♣♣....~♣~♣♣
♣♣♣♣~~~~~...♣♣ ♣~~...~.~..♣ ♣♣..♣.~~.~♣♣ ♣.~.♣~..♣♣ ♣♣.♣♣..~.♣ ♣♣♣♣♣..♣♣ Turn
26175 on Swamp:2: Jeez Louise. Used up all of my teleport scrolls because I kept
on getting surrounded. ....♣♣.~~~.♣~~~..~.~~...~~†...♣♣
♣♣~♣♣♣♣~~~...~~~~~....~~~~~.~~♣ ♣♣♣♣♣♣♣§~~..^..♣...~..~~~~~~.~♣
.♣♣~..~...~...♣≈≈≈≈≈≈≈≈≈§~~~.♣♣ .~~.~~.~~(.~...≈~~~~~~~≈~~~.~♣
....~~~~~..<~~.≈~.....~≈~~..~♣ ~~..~~~~~.♣♣♣~~≈~.♣♣♣.~≈§~~.♣♣ ~~~.~~~~~.♣
♣.~≈~..<♣.~~~...♣ ~~....♣.~~♣ ♣♣~≈@.♣♣♣.~≈~~♣♣♣ ♣♣~.>.♣♣♣♣♣ ♣♣≈~.....~≈..♣
♣~~♣♣♣♣ #≈~~~~~~~≈..♣♣ ~.♣♣♣♣♣♣ ♣♣♣♣≈≈≈≈≈≈≈≈≈..~♣♣♣♣
~.~♣♣..♣♣♣♣♣.~~~~~~.♣........~♣ ~~...~§...♣♣~~~~~~~♣~...~.~~~.♣♣
♣♣♣..~~~~.♣~..~~~.♣♣....♣.~~~~~♣ ♣ ♣♣~.§~§~~♣♣..~..♣♣♣~.♣♣♣.§~~~♣
♣...~~~~~.~.......~~..♣~....~♣ Turn 26938 on Swamp:2: At least the shitshow's
over. :) ~~~)~~~~..♣♣~.~~.~~~~.......~~~~~ ~~~.~~~§.~.~.....~~~~.♣♣..~.~~~~~
~§<~.~~~...~~♣♣♣...~~~♣♣♣~..§~~.. ..♣♣..~§~...♣♣ ♣♣♣...♣♣ ♣♣♣.~~~.~
♣♣♣♣♣......~♣♣♣♣♣♣♣♣♣♣ ♣♣.~.~) ♣♣....♣♣♣♣...§♣♣♣♣ ♣♣♣♣♣~.~§ ♣♣~..♣♣.~~..♣♣~.♣
♣.~.♣♣.). ♣ ♣♣.♣♣♣~~~~~.~..♣♣♣♣.~.....♣ ♣ ♣♣♣ ♣....@...~...♣.......~ ♣
♣♣...|~~~♣..~........~ ♣♣♣.~..♣♣♣♣~♣♣..♣♣♣♣♣ ♣♣♣♣♣♣ ♣♣♣♣♣♣♣ ♣ Turn 27740 on
Swamp:3: staff of air in south #..# ###..####...####..#### #.##
##.#..##...P..P###....## #..# #.......#...(...#.......
#.#####..^...###.^..P###..#..# #.# #.......^###....####.##...
#.###?..^..^##^#....# #..##.#. #..#.......##^^^....####.#.###
#..........#^^^...^........... #..###...^..^@^......##..#.... #..#
##.#...^^^^.....######... ##.## ###^...#^^^....# ###. #P..# ##^^^^..###....##
##. ##.#####.##^^...###....## #.. #...##†..###...........######.
##............................. #...####.............#......... #...#
#..........#####........ Turn 29298 on Lair:2: NAsty-ass poison. *, * , *, * ,
** , , * ...# ##. * *, * *#...##.. * , ,** #.s.ss. , *#s...# *~ * ##s...## *~ *
#.ss...### ** , , *#@...# ### * , ##...## #.. , ,, ####....## ##.. ** ,,
##.####...## ####... , ##...####...####..#... * , #.....####...##^.....# #####
###...#....##........#). ##...#####...........##..........
....[.##...#....#.....#.......... Turn 30175 on Spider:1: Scorpions vault.
####...### #.....## #....## #....~## #.....~## ##†.#..~#### ######
#..##..~~~###~...# #..###..~~~~~†~^(# #..###^.~~~~~~~@.# #..##..~~~###~~~~#
##.†#...#### ###### ~~..^..## ###### ~.....#######~~~~# ...............~~#
.........^......~## ~.....######......## ~~.....####...##...## Turn 30530 on
Spider:1: Spider:1 was so much smoother than Swamp:1. Not totally safe, but much
easier. * ,,****,,,*, * ,, , ,, * ,,* , ,,,, ,..# ,,,,, ,##..## * ,,,,, ,.#.#.##
. , . *... ...#.# #..#^.# ..^###....# ...#..*, *#...|.#..# ##.#.. #...#....@..##
.....#...#.#....#Y.^# #..#..##....#.#.....# .....#...#..#.#.....#
...#..#.##.>....#..## ...#.....#...##.#### ....#..#..#......# .^#...[#.......###
...##...#....^...# Turn 31138 on Spider:2: another staff of air, eastern *, , ,
, ,,,,, , ..... , ,, ,,, , ,, ..... * ^..>......... , ...... ** * ..Bs.........
,....^. *, ,, .............. ..^... *, , , #.............. ....... ,
##....s.....).. ....... *#.............. .^..... , , .###....Y@........ ..^....
,,........................... ,....^.....†................ , ,
............†.............. ,, ,* #......$..............^... ,,
#......................... , ***^#...^..................... ,
,...^....................... ,, ,..#........................ Turn 32336 on
Spider:3: Book of Frost #..#.. ##### ###.^.. #..^# ###.....^ #...# ###.<......
##...# #........## ##^^.[### #...#...... #^÷.÷..[####..#......
#..[8†8..###..#...... #.^.@^§÷[..#..#^.)..# #)..._.††..#..#....##
#^^..§.^†..#..#...### #[÷.8^8^§#†#.##...... ##..÷.^.÷#^.^##^.....
##..#####^..##.#.... #### ######.^.... #...... #...^.. Turn 32610 on Spider:3:
Orcish Mines vaul ####...####...# ##)..#.#...###.# ##.....#.....##.#
#.............#.# #..)..........#.## #...).....)...#..## ##..)).)..)..###[.##
#.#..))8....#.###..# ##...)@).....## ##.#### #...))........ #....#
#.....).......* ####.. #............. ##. ##...).#.....* #. ##.(.#.#.(.# ## ####
+ #### * * ******, * ** * * * , , ,, , , * ,, * Turn 37340 on Elf:2: Bloody Hall
of Blades entrance vault.

Levels and vault maps discovered:
D:1:      dpeg_arrival_ratfight, layout_loops_corners
D:2:      layout_rooms, hellmonk_ecumenical_altar_watching_god, basic_altar,
          serial_shops, shop, shop_statue, nicolae_shop_tiny_statue_garden,
          shop_statue, shop, minmay_misc_feat_tower
D:3:      layout_rooms
D:4:      layout_basic, grunt_temple_overflow_octagram, uniq_ijyb
D:5:      layout_gridville, minmay_temple_entry_mist, serial_shops,
          nicolae_inconvenience_store, uniq_eustachio, uniq_sigmund
D:6:      nicolae_cairo_tiling_large_dashed, layout_loops_ring,
          kennysheep_cross_room
D:7:      layout_loops_ring, uniq_menkaure, uniq_maggie, uniq_duvessa
D:8:      layout_basic, hellmonk_lair_entry_icy, serial_shops,
          nicolae_shop_window_shopping
D:9:      layout_gridville
D:10:     layout_loops_ring, mainiacjoe_overflow_surrounded_room,
          mainiacjoe_overflow_swirl, nicolae_trove_entry_isolated, special_room
          [special_room_kobold]
D:11:     gammafunk_indiana_jones, layout_basic
D:12:     layout_roguey, hiddenorc1_lemuel
D:13:     minmay_the_grid_square_5x5_4x4 [minmay_the_grid_square_5x5_bridge,
          minmay_the_grid_square_5x5_intrusive_squares,
          minmay_the_grid_square_5x5_fancy_junction,
          minmay_the_grid_square_5x5_slash, minmay_the_grid_square_5x5_meh,
          minmay_the_grid_square_5x5_prize_deathbox,
          minmay_the_grid_square_5x5_prize_snowflake,
          minmay_the_grid_square_5x5_fat_x, minmay_the_grid_square_5x5_plus,
          minmay_the_grid_square_5x5_prize_monsterx,
          minmay_the_grid_square_5x5_prize_rear_guard,
          minmay_the_grid_square_5x5_inset, minmay_the_grid_square_5x5_six,
          minmay_the_grid_square_5x5_two_walls_a,
          minmay_the_grid_square_5x5_three_walls,
          minmay_the_grid_square_5x5_detours], layout_layer_cave, serial_shops,
          shop, gammafunk_ghost_spectres
D:14:     layout_basic, david_vaults_5, chequers_big_river
D:15:     gammafunk_enter_depths_forms, layout_cave_pods, roderic_roman_lattice,
          nicolae_dithmenos_the_darkroom, uniq_nessos, uniq_louise
Temple:   nicolae_temple_no_exploring_needed
Lair:1:   layout_roguey, wad_woods_road_06, lemuel_fruit_fields, uniq_urug
Lair:2:   layout_small_grid, minmay_swamp_entry_wisps, spider_nest_entry_webs,
          special_room [special_room_bee], infiniplex_staircase_pool,
          grunt_megastairs_5
Lair:3:   layout_chaotic_city
Lair:4:   layout_regular_city, minmay_slime_entry_pillars, basic_altar
Lair:5:   cheibrodos_lair_end_hotspot, layout_gridlike,
          chequers_serial_rivers_large_a, dreamdust_mushroom_princess,
          chequers_serial_rivers_small_b
Swamp:1:  layout_basic_swamp, evilmike_swamp_ruin_house_4, uniq_nikola,
          uniq_aizul, uniq_frances
Swamp:2:  layout_basic_swamp, nicolae_swamp_ascending_descending, swamp_pool1,
          nicolae_swamp_alligator_family
Swamp:3:  layout_basic_swamp, evilmike_swamp_ruin_house_2
Swamp:4:  swamp_old_school, layout_basic_swamp
Spider:1: spiders_nest_a
Spider:2: layout_spider_delve, special_room, gammafunk_ghost_berserking_beasts,
          uniq_jorgrun
Spider:3: nicolae_spider_mines_2
Spider:4: grunt_spider_rune_island, hellmonk_deceptive_appearances
Orc:1:    layout_diamond_mine, basic_altar
Orc:2:    grunt_orc_community_town_hall, layout_diamond_mine,
          grunt_orc_community_big_house_2, grunt_orc_community_big_house_1,
          grunt_orc_community_house_1, grunt_orc_community_house_2,
          grunt_orc_community_house_1, grunt_orc_community_house_2
Elf:1:    elf_arrival_001, layout_geoelf_diagonals, serial_shops, shop,
          minmay_elf_crystal_hexagon, nicolae_shop_overcharged_wands
Elf:2:    nicolae_elf_blades_splatter_lattice [mumra_blade_entry_bloodbath],
          layout_geoelf_octagon, serial_shops, shop,
          nicolae_elf_archery_training
Depths:1: layout_cave_pools, grunt_mini_vestibule, grunt_decor_arrowhead,
          zin_statuary, serial_bayou_shore_a

Skill      XL: |  1  2  3  4  5  6  7  8  9 10 11 12 13 14 15 16 17 18 19 |
---------------+----------------------------------------------------------+-----
Ice Magic      | 5 6 7 |  7.4
Stealth        | 4 5 6 7 10 12 | 12.0
Fighting       | 1 2 3 5 6 7 8 9 10 11 12 | 12.3
Spellcasting   | 3 4 6 8 11 13 14 15 16 17 18 19 | 19.3
Shields        | 1 2 3 6 7 10 12 | 12.9
Dodging        | 2 3 5 6 |  6.0
Translocations | 1 |  1.9
Armour         | 2 5 7 8 |  8.1
Summonings     | 3 5 |  5.3
Air Magic      | 3 4 6 7 |  7.1
Conjurations   | 1 4 5 |  5.2
Evocations     | 3 |  3.6
Staves         | 6 9 |  9.0
Fire Magic     | 4 6 |  6.2
Ranged Weapons | |  0.1

Action                     |  1- 3 |  4- 6 |  7- 9 | 10-12 | 13-15 | 16-18 | 19-21 || total
---------------------------+-------+-------+-------+-------+-------+-------+-------++-------
  Melee: Unarmed           |    11 |    18 |       |       |       |       |       ||    29
         Dagger            |     9 |   103 |   147 |   419 |    97 |       |       ||   775
         Short sword       |     9 |     7 |   142 |   150 |       |       |       ||   308
         Rapier            |       |       |    33 |       |       |       |       ||    33
         Constrict         |       |       |       |       |   176 |   223 |    37 ||   436
         Staff             |       |       |       |       |   676 |  1055 |   250 ||  1981
   Fire: Sling             |     3 |       |       |       |       |       |       ||     3
  Throw: Dart              |       |       |     4 |     2 |       |     1 |       ||     7
   Cast: Freeze            |    43 |    22 |    30 |    64 |    85 |     2 |       ||   246
         Frozen Ramparts   |     1 |     7 |    14 |    42 |    56 |    10 |       ||   130
         Ozocubu's Armour  |       |     3 |    16 |    44 |    34 |    17 |       ||   114
         Summon Ice Beast  |       |       |       |    25 |    53 |   154 |    21 ||   253
         Freezing Cloud    |       |       |       |     3 |    24 |    37 |    13 ||    77
         Mephitic Cloud    |       |       |       |     8 |    34 |    34 |       ||    76
         Poisonous Vapours |       |       |       |       |     9 |    77 |     5 ||    91
         Airstrike         |       |       |       |       |     6 |    11 |    12 ||    29
         Swiftness         |       |       |       |       |     1 |     1 |       ||     2
         Fireball          |       |       |       |       |       |    40 |     4 ||    44
         Passwall          |       |       |       |       |       |     2 |       ||     2
         Blink             |       |       |       |       |       |     2 |       ||     2
 Invoke: Curse Item        |       |     2 |     2 |     2 |     4 |       |     1 ||    11
         Shatter the Chain |       |       |       |     1 |     3 |       |       ||     4
Ability: Spit Poison       |     2 |     1 |     8 |     8 |     5 |     1 |       ||    25
  Evoke: Wand              |       |     2 |     3 |     4 |     8 |     6 |     1 ||    24
         Lightning rod     |       |       |       |       |     2 |     1 |       ||     3
         Box of beasts     |       |       |       |       |       |     1 |       ||     1
    Use: Scroll            |     3 |    11 |     1 |       |     9 |    15 |     1 ||    40
         Potion            |     1 |     2 |     1 |     9 |     3 |    19 |     8 ||    43
   Stab: Sleeping          |     1 |    14 |     6 |     2 |    16 |    16 |     5 ||    60
         Distracted        |       |       |       |     1 |     5 |    23 |     2 ||    31
         Confused          |       |       |       |     7 |    25 |    19 |       ||    51
         Petrifying        |       |       |       |       |     1 |       |       ||     1
         Invisible         |       |       |       |       |       |     4 |       ||     4
         Held in net/web   |       |       |       |       |       |     1 |       ||     1
 Armour: Robe              |    38 |    60 |   142 |       |       |       |       ||   240
         Skin              |       |    10 |       |    94 |       |       |       ||   104
         Ring mail         |       |       |    53 |   253 |   446 |   783 |    98 ||  1633
  Dodge: Dodged            |    35 |    68 |   103 |   214 |   258 |   391 |    67 ||  1136
  Block: Buckler           |       |    44 |   185 |   464 |   645 |   940 |   171 ||  2449
         Reflection        |       |       |     1 |     2 |    34 |     8 |    15 ||    60
